 Dungeon Crawl Stone Soup version 0.25.1-2-g60ff931df9 (webtiles) character file.

Game seed: 60187979129974215

795 Delamore the Cudgeler (level 7, -7/44 HPs)
             Began as a Gargoyle Fighter on Nov 1, 2020.
             Was an Initiate of Okawaru.
             Killed by divine providence
             ... invoked by an orc priest
              (15 damage)
             ... on level 5 of the Dungeon.
             The game lasted 00:03:33 (4838 turns).

Delamore the Cudgeler (Gargoyle Fighter)            Turns: 4838, Time: 00:03:33

Health: -7/44      AC: 20    Str: 21    XL:     7   Next: 89%
Magic:  7/7        EV:  5    Int:  9    God:    Okawaru [......]
Gold:   244        SH:  9    Dex:  9    Spells: 6/6 levels left

rFire    . . .     SeeInvis .   o - +6 flail
rCold    . . .     Gourm    .   c - +0 kite shield
rNeg     + . .     Faith    .   x - +3 chain mail {MR+}
rPois    ∞         Spirit   .   q - +0 helmet
rElec    +         Reflect  .   g - +0 cloak (curse)
rCorr    .         Harm     .   h - +0 pair of gloves
MR       +....                  (no boots)
Stlth    ..........             (no amulet)
HPRegen  0.14/turn              (no ring)
MPRegen  0.10/turn              (no ring)

@: no status effects
A: negative energy resistance 1, electricity resistance, unbreathing,
petrification resistance, rot immunity, AC +4
a: Renounce Religion


You were on level 5 of the Dungeon.
You worshipped Okawaru.
Okawaru was noncommittal.
You were not hungry.

You visited 2 branches of the dungeon, and saw 6 of its levels.

You collected 244 gold pieces.

Inventory:

Hand Weapons
 a - a +0 flail
 o - a +6 flail (weapon)
Armour
 b - a +0 scale mail
 c - a +0 kite shield (worn)
 g - a cursed +0 cloak (worn)
 h - a +0 pair of gloves (worn)
 q - a +0 helmet (worn)
 w - a +1 plate armour of cold resistance
 x - a +3 chain mail of magic resistance (worn)
Wands
 p - a wand of flame (9)
 s - a wand of acid (9)
Scrolls
 e - 2 scrolls of teleportation {unknown}
 k - a scroll of enchant armour {unknown}
 n - 3 scrolls of identify {unknown}
 v - 2 scrolls of noise {unknown}
Potions
 d - 2 potions of might
 i - 3 potions of heal wounds {unknown}
 j - 3 potions of resistance {unknown}
 l - 2 potions of mutation {unknown}
 m - 2 potions of stabbing {unknown}
 r - 2 potions of haste {unknown}
 t - 2 potions of curing {unknown}
 u - 3 potions of flight {unknown}
Comestibles
 f - 5 rations
 z - 3 chunks of flesh


   Skills:
 - Level 5.0 Fighting
 + Level 7.3 Maces & Flails
 - Level 3.2 Armour
 - Level 5.0 Shields


You had 6 spell levels left.
You didn't know any spells.
Your spell library was empty.

Dungeon Overview and Level Annotations

Branches:
Dungeon (5/15)             Temple (1/1) D:4

Altars:
Ashenzari
Cheibriados
Dithmenos
Elyvilon
Fedhas
Gozag
Hepliaklqana
Kikubaaqudgha
Makhleb
Nemelex Xobeh
Okawaru
Qazlal
Ru
Sif Muna
Trog
Uskayaw
Vehumet
Wu Jian
Xom
Yredelemnul
Zin

Shops:
D:5 (


Innate Abilities, Weirdness & Mutations

You are resistant to torment.
Your stone body is resilient. (AC +4)
You are immune to poison.
You resist negative energy. (rN+)
You are resistant to electric shocks. (rElec)
You can survive without breathing.
You are immune to petrification.
You are immune to rotting.


Message History

You completely miss the ogre.
The ogre is moderately wounded.
The orc priest barely misses you. You block the ogre's attack.
You hit the ogre.
The ogre is heavily wounded.
You block the orc priest's attack. The ogre hits you with a +0 giant club!
The orc priest mumbles some strange prayers to Beogh against you.
Beogh smites you!
* * * LOW HITPOINT WARNING * * *
You are too injured to fight recklessly!
You are too injured to fight recklessly!
You are too injured to fight recklessly!
You are too injured to fight recklessly!
You are too injured to fight recklessly!
You are too injured to fight recklessly!
You are too injured to fight recklessly!
The orc barely misses you.
The orc priest calls down the wrath of Beogh upon you.
Beogh smites you!
You die...

##... ?. ##...# ### #.##
##....# #..###..#
##....## #....##.##
##....... .........##
#........ .......o..###
##...#....
......oo....####.........
......O.@.#........#.....
......o....###....##.....
......?...## ###..###....
..........# #....#....
.........## ##........
........## ##.......
......∩## #.......
###..## ##...... ##
#.......


You could see an ogre, an orc priest and 3 orcs.

Vanquished Creatures
  Duvessa (D:5)
  A centaur (D:4)
  Dowan (D:5)
  A scorpion (D:4)
  A centaur zombie (D:5)
  A hound (D:4)
  An orc priest (D:4)
  2 orc wizards
  Ijyb (D:3)
  An iguana (D:4)
  A worker ant (D:4)
  2 hound skeletons (D:4)
  Robin (D:3)
  4 gnolls
  5 adders
  A shadow imp (D:5)
  An ooze (D:5)
  An adder skeleton (D:5)
  8 worms
  2 dart slugs (D:1)
  4 leopard geckos
  14 orcs
  3 giant cockroaches
  20 goblins
  12 hobgoblins
  2 jackals (D:1)
  5 kobolds
  5 quokkas
  6 bats
  4 frilled lizards
  9 rats
121 creatures vanquished.

Notes
Turn   | Place    | Note
-------+----------+-------------------------------------------
     0 | D:1      | Delamore the Gargoyle Fighter began the quest for the Orb.
     0 | D:1      | Reached XP level 1. HP: 14/14 MP: 1/1
    76 | D:1      | Reached XP level 2. HP: 9/19 MP: 2/2
   506 | D:1      | Reached XP level 3. HP: 23/24 MP: 3/3
  1158 | D:2      | Reached XP level 4. HP: 15/29 MP: 4/4
  1170 | D:2      | Reached skill level 3 in Maces & Flails
  1974 | D:3      | Noticed Robin
  2014 | D:2      | Reached XP level 5. HP: 16/34 MP: 5/5
  2190 | D:3      | Killed Robin
  2419 | D:3      | Noticed Ijyb
  2435 | D:3      | Killed Ijyb
  3172 | D:4      | Reached XP level 6. HP: 40/40 MP: 6/6
  3183 | D:4      | Reached skill level 5 in Fighting
  3183 | D:4      | Reached skill level 4 in Maces & Flails
  3183 | D:4      | Reached skill level 5 in Shields
  3237 | D:4      | Found a blossoming altar of Fedhas.
  3496 | D:4      | Reached skill level 5 in Maces & Flails
  3537 | D:4      | Reached XP level 7. HP: 39/44 MP: 7/7
  3685 | D:4      | Found a staircase to the Ecumenical Temple.
  3701 | Temple   | Entered the Ecumenical Temple
  3888 | Temple   | Became a worshipper of Warmaster Okawaru
  4003 | D:4      | Reached skill level 6 in Maces & Flails
  4195 | D:5      | Entered Level 5 of the Dungeon
  4365 | D:5      | Noticed Duvessa
  4366 | D:5      | Noticed Dowan
  4382 | D:5      | Killed Duvessa
  4388 | D:5      | Killed Dowan
  4710 | D:5      | Reached skill level 7 in Maces & Flails
  4830 | D:5      | Found Jeskukk's Antique Weapon Boutique.
  4838 | D:5      | Killed from afar by an orc priest

Illustrated notes

Levels and vault maps discovered:
D:1:      dpeg_arrival_court, layout_rooms
D:2:      layout_loops_ring, minmay_pentomino_s4
D:3:      minmay_inner_zag, layout_basic, first_ration,
          kennysheep_generic_room_10, uniq_ijyb, uniq_robin
D:4:      layout_basic, minmay_temple_entry_overgrown,
          corexii_item_surrounded_by_moat, minmay_misc_feat_four_crosses,
          fedhas_bush_and_centaur_altar
D:5:      layout_cave_pods, serial_shops, shop, uniq_blork_the_orc, uniq_duvessa
Temple:   kilobyte_greek_temple

Skill      XL: |  1  2  3  4  5  6  7 |
---------------+----------------------+-----
Fighting       | 4 5 |  5.0
Shields        | 4 5 |  5.0
Maces & Flails | 3 5 7 |  7.3
Armour         | |  3.2

Action                   |  1- 3 |  4- 6 |  7- 9 || total
-------------------------+-------+-------+-------++-------
Melee: Flail             |   182 |   187 |    94 ||   463
  Eat: Chunk             |     1 |     8 |     4 ||    13
Armor: Scale mail        |   134 |    75 |     9 ||   218
       Plate armour      |       |       |    31 ||    31
       Chain mail        |       |       |    16 ||    16
Dodge: Dodged            |    86 |    57 |    20 ||   163
Block: Kite shield       |   132 |    84 |    46 ||   262
